 Dungeon Crawl Stone Soup version 0.16-a0-4060-g00983b4 (webtiles) character file.

2510 Chiseanne the Reanimator (level 9, -5/68 HPs)
             Began as a Deep Dwarf Necromancer on Feb 21, 2015.
             Was a Priest of Cheibriados.
             Slain by megamayne420's ghost (20 damage)
             ... on level 7 of the Dungeon.
             The game lasted 00:40:58 (12490 turns).

Chiseanne the Reanimator (Deep Dwarf Necromancer)  Turns: 12490, Time: 00:40:58

Health: -5/68      AC: 10    Str: 24    XL:     9   Next: 28%
Magic:  34/34      EV: 13    Int: 27    God:    Cheibriados [***...]
Gold:   431        SH:  0    Dex: 21    Spells: 5 memorised, 11 levels left

rFire  . . .     SeeInvis .     f - +2 flail of Lies {venom, rElec MR+ Str+4}
rCold  . . .     Clarity  +     r - +3 leather armour
rNeg   . . .     SustAb   .     (no shield)
rPois  +         Gourm    .     w - +0 helmet
rElec  +         Spirit   .     q - +2 cloak {rPois}
rCorr  .         Warding  .     (no gloves)
rMut   .         Stasis   .     (no boots)
MR     ++...                    x - amulet of clarity
Stlth  +++.......               k - ring of stealth (curse)
                                H - ring of magical power

@: non-regenerating, very slow, very resistant to hostile enchantments, fairly
stealthy
A: damage resistance, recharge devices, sense surroundings 2, slow healing 3
a: Device Recharging, Bend Time, Temporal Distortion, Renounce Religion


You were on level 7 of the Dungeon.
You worshipped Cheibriados.
Cheibriados was most pleased with you.
You were not hungry.

You visited 1 branch of the dungeon, and saw 7 of its levels.

You collected 431 gold pieces.

Inventory:

Hand weapons
 a - a +1 mace of protection
 d - a +3 dagger of electrocution
 f - the +2 flail of Lies (weapon) {venom, rElec MR+ Str+4}
   (You found it on level 7 of the Dungeon)

   It poisons the flesh of those it strikes.
   It affects your strength (+4).
   It insulates you from electricity.
   It affects your resistance to hostile enchantments.
 s - a +5 rapier of flaming
Missiles
 o - 7 javelins (quivered)
 z - 13 tomahawks
Armour
 q - a +2 cloak of poison resistance (worn)
 r - a +3 leather armour (worn)
 w - a +0 helmet (worn)
Jewellery
 g - a +5 ring of strength {unknown}
 k - a cursed ring of stealth (right hand)
 x - an amulet of clarity (around neck)
 A - an uncursed ring of sustain abilities
 H - a ring of magical power (left hand)
Magical devices
 c - a wand of heal wounds (9)
Scrolls
 l - 4 scrolls of fear
 m - a scroll of immolation
 v - 2 scrolls of recharging
 F - a scroll of remove curse
Potions
 e - 2 potions of might
 h - 4 potions of curing
 j - 2 potions of invisibility
 p - a potion of mutation
 t - 3 potions of restore abilities
 u - a potion of heal wounds
 C - a potion of agility
 D - a potion of flight {unknown}
Books
 b - a book of Necromancy

   Spells                             Type                      Level
   a - Pain                           Necromancy                   1
   b - Animate Skeleton               Necromancy                   1
   c - Vampiric Draining              Necromancy                   3
   d - Regeneration                   Charms/Necromancy            3
   e - Animate Dead                   Necromancy                   4
   f - Control Undead                 Necromancy                   4
Comestibles
 i - 3 meat rations
 n - 3 bread rations
 B - 13 fruits


   Skills:
 - Level 2.1 Dodging
 - Level 2.4 Stealth
 - Level 8.0 Spellcasting
 - Level 10.2 Necromancy
 + Level 0.6 Invocations


You had 11 spell levels left.
You knew the following spells:

 Your Spells              Type           Power        Failure   Level  Hunger
a - Pain                  Necr           ####         1%          1    None
b - Animate Skeleton      Necr           N/A          1%          1    None
c - Vampiric Draining     Necr           ######....   1%          3    None
d - Animate Dead          Necr           N/A          1%          4    ##.....
e - Control Undead        Necr           ######....   1%          4    ##.....


Dungeon Overview and Level Annotations

Branches:
Dungeon (7/15)             Temple (0/1) D:6

Altars:
Cheibriados
Dithmenos
Elyvilon
Nemelex Xobeh
Okawaru
Yredelemnul
Zin

Annotations:
D:7 megamayne420's ghost, experienced TrMo


Innate Abilities, Weirdness & Mutations

You are resistant to damage.
You can recharge devices by infusing magical energy.
You passively map the area around you.
You do not heal naturally.


Message History

Megamayne420's ghost closely misses you.
Your worker ant zombie closely misses megamayne420's ghost.
Your bat skeleton barely misses megamayne420's ghost.
Your bat skeleton barely misses megamayne420's ghost.
The bat hits you but does no damage.
Your bat skeleton closely misses megamayne420's ghost.
The bat closely misses you.
Your bat skeleton closely misses megamayne420's ghost.
Your bat skeleton barely misses megamayne420's ghost.
The bat barely misses you.
Your bat skeleton hits megamayne420's ghost but does no damage. x2
Your worker ant zombie closely misses megamayne420's ghost.
Megamayne420's ghost closely misses you.
Your bat skeleton barely misses megamayne420's ghost.
Your bat skeleton closely misses megamayne420's ghost.
Your bat skeleton hits megamayne420's ghost but does no damage. x2
The bat misses you.
Your worker ant zombie bites megamayne420's ghost but does no damage.
Megamayne420's ghost hits you!!
You die...

#####.......#
....#.......#######
###.#.######....(.###
* #.#.# #.'..>...'..,
#.#.# #.#......### *
,* #.#.. #.#Z.....#
#.### *#Z#.ZZZ..# *
#.# #Z#...W..# * #.#
#.#...b@<# * #.#
#.######## , * #.#
#.######### * #.#
#.##...ZZ.# * * #.#
#.##.####.# * , #.#
#.##.# #.# * #.#
#.##.# #Z# , #.#
#.##.# #.#** #.#
#.##.# #.#


You could see megamayne420's ghost, a bat, a friendly worker ant zombie, a
friendly kobold zombie, a friendly bat skeleton and a friendly rat skeleton.

Vanquished Creatures
  A troll (D:5)
  Eustachio (D:6)
  A hungry ghost (D:7)
  An orc warrior (D:6)
  An ogre (D:4)
  An ice beast (D:6)
  A centaur (D:7)
  A sky beast (D:7)
  Sigmund (D:6)
  4 giant frogs
  2 goliath beetles (D:6)
  3 jellies (D:7)
  3 orc priests (D:5)
  Crazy Yiuf (D:2)
  A centaur skeleton (D:7)
  A hound (D:7)
  3 worker ants
  An orc wizard (D:3)
  2 iguanas (D:4)
  Ijyb (D:2)
  5 gnolls
  9 adders
  2 giant mites
  4 worms
  19 orcs
  A ball python (D:4)
  4 giant cockroaches
  12 hobgoblins
  12 jackals
  14 kobolds
  12 bats
  6 giant geckos
  3 giant newts
  17 goblins
  4 quokkas
  A quokka skeleton (D:5)
  16 rats
172 creatures vanquished.

Vanquished Creatures (collateral kills)
  2 hungry ghosts
  2 phantoms
  An ogre (D:5)
  A centaur (D:5)
  A giant frog (D:6)
  2 crimson imps (D:6)
  An orc wizard (D:3)
  2 adders
  A giant mite (D:6)
  A worm (D:3)
  An adder skeleton (D:6)
  A giant gecko (D:2)
  6 orcs
  4 bats
  5 jackals
  A kobold (D:2)
  A quokka (D:3)
  2 goblins
  A quokka skeleton (D:4)
  3 rats
39 creatures vanquished.

Vanquished Creatures (others)
  2 giant frog zombies
  An ogre skeleton (D:4)
  2 adder skeletons (D:6)
  2 adder zombies
  3 bat skeletons
  2 bat zombies
  A giant cockroach zombie (D:4)
  3 giant gecko skeletons
  2 giant gecko zombies
  2 giant newt skeletons
  4 goblin skeletons
  2 hobgoblin skeletons
  2 jackal skeletons
  2 jackal zombies
  2 kobold skeletons
  An orc skeleton (D:4)
  2 quokka skeletons
  5 rat skeletons
  3 rat zombies
43 creatures vanquished.

Grand Total: 254 creatures vanquished

Notes
Turn   | Place    | Note
--------------------------------------------------------------
     0 | D:1      | Chiseanne, the Deep Dwarf Necromancer, began the quest for the Orb.
     0 | D:1      | Reached XP level 1. HP: 15/15 MP: 2/2
     8 | D:1      | Learned a level 1 spell: Animate Skeleton
   334 | D:1      | Reached XP level 2. HP: 22/22 MP: 3/3
   439 | D:1      | Reached skill level 5 in Necromancy
  1435 | D:2      | Found a sparkling altar of Nemelex Xobeh.
  1436 | D:2      | Noticed Ijyb
  1457 | D:2      | Killed Ijyb
  1457 | D:2      | Reached XP level 3. HP: 6/28 MP: 1/6
  1622 | D:2      | Learned a level 3 spell: Vampiric Draining
  2502 | D:2      | Reached XP level 4. HP: 33/36 MP: 1/8
  2688 | D:2      | Found a shadowy altar of Dithmenos.
  3502 | D:2      | Noticed Crazy Yiuf
  3514 | D:2      | Killed Crazy Yiuf
  3874 | D:2      | Learned a level 4 spell: Animate Dead
  4237 | D:3      | Reached XP level 5. HP: 23/42 MP: 3/11
  5163 | D:3      | Reached skill level 6 in Necromancy
  7267 | D:4      | Found an iron altar of Okawaru.
  7302 | D:4      | Reached XP level 6. HP: 49/49 MP: 0/15
  7504 | D:4      | Noticed an ogre
  7512 | D:4      | Killed an ogre
  7823 | D:4      | Noticed a phantom
  7858 | D:4      | Killed a phantom
  7896 | D:4      | Learned a level 4 spell: Control Undead
  8446 | D:4      | Reached skill level 7 in Necromancy
  8654 | D:4      | Found a snail-covered altar of Cheibriados.
  8657 | D:4      | Reached XP level 7. HP: 53/55 MP: 15/18
  8745 | D:4      | Became a worshipper of Cheibriados the Contemplative
  9090 | D:5      | Entered Level 5 of the Dungeon
  9191 | D:5      | Noticed a troll
  9206 | D:5      | Killed a troll
  9206 | D:5      | Reached skill level 5 in Spellcasting
  9831 | D:5      | Reached skill level 8 in Necromancy
  9888 | D:5      | Reached XP level 8. HP: 37/62 MP: 5/21
 10086 | D:5      | Found a shadowy altar of Dithmenos.
 10576 | D:6      | Found a basalt altar of Yredelemnul.
 10590 | D:6      | Noticed Eustachio
 10601 | D:6      | Killed Eustachio
 10800 | D:6      | Noticed Sigmund
 10807 | D:6      | Killed Sigmund
 10807 | D:6      | Reached skill level 9 in Necromancy
 10894 | D:6      | Found a staircase to the Ecumenical Temple.
 11652 | D:7      | Gained mutation: You passively map the area around you. [level up]
 11652 | D:7      | Reached XP level 9. HP: 68/68 MP: 24/24
 11882 | D:6      | Acquired Cheibriados' first power
 11924 | D:7      | Found a glowing silver altar of Zin.
 11961 | D:7      | Noticed megamayne420's ghost (experienced TrMo)
 11970 | D:7      | Found a white marble altar of Elyvilon.
 11976 | D:7      | Reached skill level 10 in Necromancy
 12452 | D:7      | Got a bone flail
 12453 | D:7      | Identified the +2 flail of Lies {venom, rElec MR+ Str+4} (You found it on level 7 of the Dungeon)
 12490 | D:7      | Slain by megamayne420's ghost

Action                   |  1- 3 |  4- 6 |  7- 9 || total
-------------------------+-------+-------+-------++-------
Melee: Dagger            |    34 |    27 |    53 ||   114
       Unarmed           |     1 |       |       ||     1
       Mace              |       |    13 |     3 ||    16
       Flail             |       |       |     1 ||     1
 Cast: Pain              |    33 |    88 |    82 ||   203
       Animate Skeleton  |    17 |    20 |    11 ||    48
       Vampiric Draining |    12 |    62 |    63 ||   137
       Animate Dead      |       |     6 |    20 ||    26
       Control Undead    |       |       |     5 ||     5
  Use: Scroll            |       |    16 |     5 ||    21
       Potion            |       |     1 |     2 ||     3
 Stab: Sleeping          |       |       |     4 ||     4
  Eat: Chunk             |     5 |    18 |    14 ||    37
       Royal jelly       |     1 |       |       ||     1
       Bread ration      |       |     1 |       ||     1
       Pizza             |       |     1 |       ||     1
       Beef jerky        |       |     1 |       ||     1
       Fruit             |       |       |     1 ||     1
